 Dungeon Crawl Stone Soup version 0.31-a0-18-gea43df2a32 (webtiles) character file.

Game seed: 1952352036175729904

5709 Morbidden the Conjurer (level 10, -7/49 HPs)
             Began as a Vine Stalker Conjurer on May 9, 2023.
             Was a Follower of Cheibriados.
             Mangled by a yak (12 damage)
             ... on level 8 of the Dungeon.
             The game lasted 00:14:24 (9006 turns).

Morbidden the Conjurer (Vine Stalker Conjurer)      Turns: 9006, Time: 00:14:25

Health: -7/49      AC: 14    Str: 13    XL:     10   Next: 76%
Magic:  0/20       EV: 13    Int: 25    God:    Cheibriados [*.....]
Gold:   295        SH:  0    Dex: 16    Spells: 14/21 levels left

rFire   . . .        b - +1 dagger (venom)
rCold   + . .        (no shield)
rNeg    + . .        H - +4 troll leather armour {Pargi}
rPois   .            w - +1 helmet
rElec   .            y - +0 cloak
rCorr   .            f - +0 pair of gloves
SInv    .            P - +0 pair of boots
Will    +....        (no amulet)
Stlth   +++          z - ring of protection from cold
HPRegen 1.88/turn    J - ring of positive energy
MPRegen 0.17/turn

%: guardian spirit
@: very slow
A: fangs 3, regeneration 1, magic shield, antimagic bite, no potion heal 2
a: Renounce Religion, Bend Time


You were on level 8 of the Dungeon.
You worshipped Cheibriados.
Cheibriados was aware of your devotion.
You visited 2 branches of the dungeon, and saw 9 of its levels.
You also visited: Sewer.

You collected 495 gold pieces.
You spent 200 gold pieces at shops.

Inventory:

Hand Weapons
 a - a +0 rapier of protection
 b - a +1 dagger of venom (weapon)
 O - a +3 dagger
 Q - the +7 short sword of Hitisyo {freeze, rPois}
   (You bought it in a shop on level 8 of the Dungeon)

   rPois:     It protects you from poison.
Missiles
 m - 15 poisoned darts
 o - 9 javelins
 x - 3 curare-tipped darts
 A - 5 boomerangs (quivered)
Armour
 d - a +0 kite shield
 f - a +0 pair of gloves (worn)
 w - a +1 helmet (worn)
 y - a +0 cloak (worn)
 H - a +4 troll leather armour (worn) {Pargi}
 L - the +2 scale mail of Negation {rPois rN+ Will- MP+9}
   (You found it on level 7 of the Dungeon)

   rPois:     It protects you from poison.
   rN:        It protects you from negative energy.
   MP:        It affects your magic capacity (+9).
   Will:      It decreases your willpower.
 P - a +0 pair of boots (worn)
Jewellery
 z - a ring of protection from cold (left hand)
 J - a ring of positive energy (right hand)
Wands
 c - a wand of mindburst (12)
 n - a wand of polymorph (7)
 C - a wand of roots (3)
 M - a wand of charming (3)
Scrolls
 e - 2 scrolls of immolation
 h - a scroll of summoning
 i - 6 scrolls of identify
 k - a scroll of magic mapping
 q - 4 scrolls of fog
 r - a scroll of noise
 t - 4 scrolls of teleportation
 D - a scroll of poison
 E - a scroll of vulnerability
 I - a scroll of enchant weapon
 K - a scroll of brand weapon
Potions
 j - 6 potions of curing
 l - a potion of flight {unknown}
 p - 5 potions of might {unknown}
 s - 3 potions of invisibility {unknown}
 u - a potion of ambrosia {unknown}
 v - 2 potions of degeneration {unknown}
 B - a potion of heal wounds {unknown}
 F - a potion of berserk rage {unknown}
 G - 2 potions of lignification {unknown}
 N - a potion of resistance {unknown}


   Skills:
 * Level 3.8 Fighting
 * Level 6.0 Short Blades
 + Level 1.5 Throwing
 * Level 4.4 Armour
 * Level 4.5 Dodging
 + Level 4.3 Stealth
 * Level 2.7 Shields
 * Level 6.1 Spellcasting
 * Level 7.5 Conjurations
 * Level 3.1 Translocations
 * Level 2.4 Invocations
 * Level 2.6 Evocations


You had 14 spell levels left.
You knew the following spells:

 Your Spells              Type           Power      Damage    Failure   Level
a - Magic Dart            Conj           100%       1d8       1%          1
b - Searing Ray           Conj           90%        2d7       1%          2
c - Iskenderun's Mystic   Conj/Tloc      34%        2d8       10%         4

Your spell library contained the following spells:

 Spells                   Type           Power      Damage    Failure   Level
 Dazzling Flash           Conj/Hex       52%        N/A       6%          3
 Mephitic Cloud           Conj/Pois/Air  20%        N/A       10%         3
 Call Imp                 Summ           14%        N/A       14%         2
 Ensorcelled Hibernation  Hex/Ice        14%        N/A       14%         2
 Fulminant Prism          Conj/Hex       13%        3d8       19%         4
 Spider Form              Tmut/Pois      7%         N/A       26%         3
 Anguish                  Hex/Necr       3%         N/A       65%         4


Dungeon Overview and Level Annotations

Branches:
Dungeon (8/15)             Temple (1/1) D:7           Sewer (visited)
   Lair: D:8-11

Altars:
Cheibriados
Dithmenos
Kikubaaqudgha
Nemelex Xobeh
Ru
Sif Muna
Vehumet
Wu Jian

Shops:
D:8 (

Annotations:
D:5 1 runed translucent door, Crazy Yiuf


Innate Abilities, Weirdness & Mutations

You have razor-sharp teeth.
Your natural rate of healing is unusually fast.
When hurt, damage is shared between your health and your magic reserves.
Your bite disrupts and absorbs the magic of your enemies.
Potions cannot restore your health.


Message History

You bite the yak. You drain its power.
The yak is moderately wounded.
The yak gores you!
You hit the yak.
The yak looks as sick as possible!
You bite the yak, but do no damage.
The yak is heavily wounded.
The yak gores you!
You hit the yak.
The yak looks as sick as possible!
The yak is severely wounded.
You barely miss the yak. Your bite misses the yak.
The yak is severely wounded.
The yak gores you!
The electric eel shoots out a bolt of lightning at you!
The bolt of electricity hits you!
You hit the yak but do no damage.
The yak looks as sick as possible!
You bite the yak, but do no damage.
The yak is severely wounded.
The yak gores you.
The electric eel shoots out a bolt of lightning at you!
The bolt of electricity hits you!
* * * LOW HITPOINT WARNING * * *
Unknown command.
Unknown command.
Okay, then.
Aiming: Charm
Press: ? - help, Shift-Dir - straight line, f - electric eel
Aim: an electric eel (water, chance to affect: 64%)
The electric eel struggles to resist.
The yak gores you.
* * * LOW HITPOINT WARNING * * *
The electric eel shoots out a bolt of lightning at you!
The bolt of electricity hits you.
* * * LOW HITPOINT WARNING * * *
Unknown command.
Unknown command.
Unknown command.
Aiming: Charm
Press: ? - help, Shift-Dir - straight line, f/p - electric eel
Aim: an electric eel (water, chance to affect: 64%)
The electric eel is charmed.
The yak gores you!
You die...

.. .. .. # .# # ###
.## #
##...#####..## #
......Y@.#...#
....###†...# #
#...#.### #.
#.⌠.#.#
.#~≈#...#.##
#~≈≈S###~..# #..
≈≈≈≈≈≈≈~...##....(.
≈≈≈≈≈≈≈~...........
#~≈≈≈###~.#........


You could see a yak (extremely poisoned) and a friendly electric eel (charmed).

Vanquished Creatures
  Amaemon (D:8)
  An ugly thing (D:8)
  An orange demon (D:8)
  Grinder (D:4)
  Prince Ribbit (D:7)
  9 yaks (D:8)
  A wyvern (D:8)
  A steam dragon (D:7)
  Menkaure (D:5)
  An acid dragon (D:8)
  Duvessa (D:5)
  Pargi (Sewer)
  2 ice beasts
  A black bear (D:4)
  2 ogres (D:4)
  4 centaurs
  2 bullfrogs
  3 scorpions
  3 wights
  Dowan (D:5)
  2 howler monkeys
  3 jellies
  2 hounds
  An orc priest (Temple)
  2 sleepcaps (D:6)
  3 iguanas
  5 orc wizards
  8 gnolls
  12 adders
  A shadow imp (D:5)
  A white imp (D:7)
  2 worms
  A dart slug (D:3)
  19 orcs
  3 bats
  9 endoplasms
  9 giant cockroaches
  4 goblins
  10 hobgoblins
  7 jackals
  5 quokkas
  7 ball pythons
  4 frilled lizards
  8 kobolds
  3 rats
169 creatures vanquished.

Notes
Turn   | Place    | Note
-------+----------+-------------------------------------------
     0 | D:1      | Morbidden the Vine Stalker Conjurer began the quest for the
                  | Orb.
     0 | D:1      | Reached XP level 1. HP: 9/9 MP: 4/4
   273 | D:1      | Reached XP level 2. HP: 13/14 MP: 6/6
   986 | D:2      | Learned a level 2 spell: Searing Ray
  1023 | D:2      | Reached XP level 3. HP: 10/17 MP: 0/7
  1297 | D:2      | Reached skill level 1 in Fighting
  1297 | D:2      | Gained mutation: Your natural rate of healing is unusually
                  | fast. [Vine Stalker growth]
  1297 | D:2      | Reached XP level 4. HP: 20/22 MP: 6/8
  2229 | D:3      | Reached skill level 1 in Short Blades
  2318 | D:3      | Reached XP level 5. HP: 25/25 MP: 5/10
  3301 | D:4      | Noticed Grinder
  3316 | D:4      | Killed Grinder
  3317 | D:4      | Reached skill level 1 in Armour
  3317 | D:4      | Reached skill level 5 in Conjurations
  3317 | D:4      | Reached XP level 6. HP: 30/30 MP: 7/12
  3494 | D:4      | Reached XP level 7. HP: 35/35 MP: 4/13
  3619 | D:4      | Found an ornate altar of the Wu Jian Council.
  4630 | D:5      | Entered Level 5 of the Dungeon
  4681 | D:5      | Reached skill level 6 in Conjurations
  4776 | D:5      | Gained mutation: You have razor-sharp teeth. [Vine Stalker
                  | growth]
  4776 | D:5      | Reached XP level 8. HP: 39/39 MP: 6/15
  5104 | D:5      | Noticed Menkaure
  5114 | D:5      | Killed Menkaure
  5235 | D:5      | Noticed Duvessa
  5235 | D:5      | Noticed Dowan
  5252 | D:5      | Killed Dowan
  5269 | D:5      | Killed Duvessa
  5340 | D:5      | Found a runed translucent door.
  5341 | D:5      | Noticed Crazy Yiuf
  5525 | D:6      | Reached skill level 1 in Throwing
  5671 | D:6      | Reached skill level 5 in Spellcasting
  5823 | D:6      | Found a glowing drain.
  5839 | Sewer    | Entered a sewer
  5978 | Sewer    | Noticed Pargi
  5989 | Sewer    | Killed Pargi
  6075 | D:6      | Reached XP level 9. HP: 44/44 MP: 17/17
  6231 | D:6      | Found an ancient bone altar of Kikubaaqudgha.
  6650 | D:7      | Found a shimmering blue altar of Sif Muna.
  6749 | D:7      | Reached skill level 1 in Shields
  6858 | D:7      | Identified the +2 scale mail of Negation {rPois rN+ Will-
                  | MP+9}
  6919 | D:7      | Noticed Prince Ribbit
  7019 | D:7      | Found a staircase to the Ecumenical Temple.
  7049 | Temple   | Entered the Ecumenical Temple
  7058 | Temple   | Became a worshipper of Cheibriados the Contemplative
  7072 | Temple   | Learned a level 4 spell: Iskenderun's Mystic Blast
  7309 | D:7      | Killed Prince Ribbit
  7848 | D:8      | Noticed a green ugly thing
  7863 | D:8      | Killed a green ugly thing
  7864 | D:8      | Reached skill level 7 in Conjurations
  7864 | D:8      | Reached skill level 1 in Translocations
  7864 | D:8      | Reached skill level 1 in Invocations
  7864 | D:8      | Reached skill level 1 in Evocations
  7864 | D:8      | HP: 1/44 [poisoned by a green ugly thing]
  7869 | D:8      | HP: 2/44 [poisoned by a green ugly thing]
  8082 | D:8      | Reached skill level 5 in Short Blades
  8161 | D:8      | Reached * piety under Cheibriados
  8568 | D:8      | Reached XP level 10. HP: 49/49 MP: 17/19
  8593 | D:8      | Found Nerix's Antique Weapon Emporium.
  8617 | D:8      | Bought a jewelled short sword for 200 gold pieces
  8617 | D:8      | Identified the +7 short sword of Hitisyo {freeze, rPois}
                  | (You bought it in a shop on level 8 of the Dungeon)
  8820 | D:8      | Noticed Amaemon
  8821 | D:8      | Noticed an orange demon
  8843 | D:8      | Killed Amaemon
  8925 | D:8      | Killed an orange demon
  9006 | D:8      | Mangled by a yak

Illustrated notes

Levels and vault maps discovered:
D:1:      wander_arrival_chamber, layout_loops_corners
D:2:      layout_loops_ring, st_stairs_12
D:3:      layout_basic, serial_glass, glass_columns_b, glass_columns_a,
          minmay_crystal_water
D:4:      layout_gridville, mainiacjoe_overflow_cross_hatched, minmay_bisected,
          uniq_grinder
D:5:      layout_rooms, uniq_crazy_yiuf_cottage, uniq_duvessa, uniq_menkaure
D:6:      layout_rooms, kiku_gazebo_garden_becter, portal_sewer_entry_f
D:7:      layout_basic, general_overflow_altar,
          minmay_temple_entry_gardened_gates, serial_co_window_serial,
          co_window_paths_b, co_window_corner_a, co_window_of_opportunity_a,
          co_window_paths_a, co_window_of_opportunity_a, co_window_2corner,
          co_window_corner_ca, co_window_broadway_b, co_window_2corner,
          co_window_broadway_a, glass_columns_a, glass_columns_a,
          glass_columns_c, amethyst_killhole, chequers_serial_rivers_micro_e,
          uniq_prince_ribbit1
D:8:      layout_cave_pods, serial_shops, shop_statue, fountainhead,
          uniq_amaemon
Temple:   regret_index_temple_mists

Skill      XL: |  1  2  3  4  5  6  7  8  9 10 |
---------------+-------------------------------+-----
Fighting       | 1 2 3 |  3.8
Short Blades   | 1 2 3 4 5 6 |  6.0
Dodging        | 2 3 4 |  4.5
Armour         | 1 2 3 4 |  4.4
Spellcasting   | 3 4 5 6 |  6.1
Conjurations   | 5 6 7 |  7.5
Stealth        | 3 4 |  4.3
Throwing       | 1 |  1.5
Shields        | 2 |  2.7
Translocations | 1 3 |  3.1
Invocations    | 1 2 |  2.4
Evocations     | 2 |  2.6

Action                     |  1- 3 |  4- 6 |  7- 9 | 10-12 || total
---------------------------+-------+-------+-------+-------++-------
  Melee: Rapier            |    47 |    30 |   221 |       ||   298
         Bite              |    13 |     2 |    86 |    53 ||   154
         Punch             |     2 |       |     7 |     3 ||    12
         Dagger            |       |       |    17 |   107 ||   124
  Throw: Dart              |       |       |    13 |       ||    13
         Boomerang         |       |       |     4 |       ||     4
   Cast: Magic Dart        |    28 |    81 |    64 |     1 ||   174
         Searing Ray       |       |     4 |    34 |     5 ||    43
  Evoke: Wand              |       |       |     3 |     4 ||     7
    Use: Potion            |       |     1 |       |     1 ||     2
         Scroll            |       |       |    11 |     8 ||    19
   Stab: Sleeping          |     4 |       |     5 |       ||     9
 Armour: Robe              |    16 |    27 |    60 |       ||   103
         Troll leather arm |       |       |    48 |    45 ||    93
         Scale mail        |       |       |    53 |       ||    53
  Dodge: Dodged            |    27 |    34 |   187 |    68 ||   316

Table legend: (Time is in decaauts)
 A = Elapsed time spent in this place.
 B = Non-inter-level travel time spent in this place.
 C = Inter-level travel time spent in this place.
 D = Time resting spent in this place.
 E = Time spent auto-exploring this place.
 F = Levels seen in this place.
 G = Mean time per level.
                   A        B        C        D        E       F      G
               +--------+--------+--------+--------+--------+-----+--------+
         Total |   9403 |   8775 |    628 |    407 |   6635 |  10 |  940.3 |
       Dungeon |   9079 |   8464 |    615 |    307 |   6513 |   8 | 1134.9 |
        Temple |    143 |    131 |     12 |    100 |      0 |   1 |  143.0 |
         Sewer |    180 |    180 |      0 |      0 |    122 |   1 |  180.0 |
               +--------+--------+--------+--------+--------+-----+--------+

Top non-repeatable levels by time:
     D:4: 1505 daAuts
     D:7: 1464 daAuts
     D:3: 1271 daAuts
     D:2: 1056 daAuts
     D:8: 1008 daAuts
     D:1: 986 daAuts
     D:5: 968 daAuts
     D:6: 817 daAuts
   Sewer: 180 daAuts
  Temple: 143 daAuts
